 Dungeon Crawl Stone Soup version 0.25-a0-279-g53730b6a6f (webtiles) character file.

Game seed: 3253172660470931809, levelgen mode: deterministic

23 MoonlitKnight the Ruffian (level 2, 0/24 HPs)
             Began as a Draconian Transmuter on Dec 10, 2019.
             Slain by a rat (3 damage)
             ... on level 1 of the Dungeon.
             The game lasted 00:00:48 (318 turns).

MoonlitKnight the Ruffian (Draconian Transmuter)     Turns: 318, Time: 00:00:49

Health: 0/24       AC:  4    Str: 12    XL:     2   Next: 72%
Magic:  5/5        EV: 12    Int: 13    God:
Gold:   3          SH:  0    Dex: 11    Spells: 4/5 levels left

rFire    . . .     SeeInvis .     - Unarmed
rCold    . . .     Gourm    .   (no shield)
rNeg     . . .     Faith    .   (armour unavailable)
rPois    .         Spirit   .   (helmet restricted)
rElec    .         Reflect  .   (no cloak)
rCorr    .         Harm     .   (no gloves)
MR       .....                  (no boots)
Stlth    +.........             (no amulet)
HPRegen  0.08/turn              (no ring)
MPRegen  0.09/turn              (no ring)

@: appendage (expiring)
A: unfitting armour, horns 2, cold-blooded, AC +4
a: End Transformation


You were on level 1 of the Dungeon.
You were not hungry.
You had grown temporary horns.
You visited 1 branch of the dungeon, and saw 1 of its levels.

You collected 3 gold pieces.

Inventory:

Missiles
 a - 12 arrows
 h - 20 poisoned darts (quivered)
Jewellery
 b - an uncursed ring of poison resistance {unknown}
Scrolls
 g - a scroll of identify {unknown}
Potions
 e - a potion of heal wounds {unknown}
 f - a potion of haste {unknown}
Comestibles
 c - 3 rations
 d - 3 chunks of flesh


   Skills:
 + Level 2.0 Fighting
 + Level 2.2 Dodging
 + Level 3.3 Unarmed Combat
 - Level 2.0 Spellcasting
 - Level 2.0 Transmutations


You had 4 spell levels left.
You knew the following spells:

 Your Spells              Type           Power        Failure   Level  Hunger
a - Beastly Appendage     Tmut           #.....       11%         1    ##.....

Your spell library contained the following spells:

 Spells                   Type           Power        Failure   Level  Hunger
 Sticks to Snakes         Tmut           #.......     17%         2    ###....
 Spider Form              Tmut/Pois      #.........   45%         3    ####...
 Ice Form                 Ice/Tmut       #.......     86%         4    #####..
 Blade Hands              Tmut           #.........   97%         5    ######.


Dungeon Overview and Level Annotations

Branches:
Dungeon (1/15)

Altars:


Innate Abilities, Weirdness & Mutations

Your plain brown scales are hard. (AC +4)
You cannot fit into any form of body armour.
You are cold-blooded and may be slowed by cold attacks.
You have a pair of horns on your head.


Message History

The rat bites you.
You hit the gnoll.
The gnoll is almost dead.
The gnoll hits you with a +0 flail. The rat misses you.
You hit the gnoll but do no damage.
The gnoll is almost dead.
The gnoll hits you with a +0 flail!
* * * LOW HITPOINT WARNING * * *
The rat bites you.
* * * LOW HITPOINT WARNING * * *
You hit the gnoll.
You kill the gnoll!
Your Fighting skill increases to level 2!
The bat completely misses you. The rat closely misses you.
You barely miss the rat. The bat barely misses you.
The rat bites you but does no damage.
You closely miss the rat. Your headbutt misses the rat.
Your tail-slap misses the rat.
The bat misses you. The bat barely misses you. The rat bites you.
You die...

######### #........
######.####### #.......#
##########.......# #
#....b@..#.......######
#####+#..r##.###.........##
#.........##.# #.........##
#....?....##.# #.........##
#.........##.###.........##
.........#####...............
.........# ######.......###
.......... .........#
#.......... ........รท###


You could see a bat and a rat.

Vanquished Creatures
  A gnoll (D:1)
  2 dart slugs (D:1)
  A giant cockroach (D:1)
  A goblin (D:1)
  A hobgoblin (D:1)
  2 bats (D:1)
  2 kobolds (D:1)
10 creatures vanquished.

Notes
Turn   | Place    | Note
-------+----------+-------------------------------------------
     0 | D:1      | MoonlitKnight the Draconian Transmuter began the quest for
                  | the Orb.
     0 | D:1      | Reached XP level 1. HP: 16/16 MP: 3/3
   190 | D:1      | Reached XP level 2. HP: 20/23 MP: 5/5
   318 | D:1      | Slain by a rat

Levels and vault maps discovered:
D:1:      evilmike_arrival_rings, layout_basic, roderic_lattice_a,
          minmay_tetromino_l4

Skill      XL: |  1  2 |
---------------+-------+-----
Dodging        | 2 |  2.2
Fighting       | 2 |  2.0
Unarmed Combat | |  3.3
Spellcasting   | |  2.0
Transmutations | |  2.0

Action                   || total
-------------------------++-------
Melee: Unarmed           ||    42
       Tailslap          ||     4
       Kick              ||     3
       Punch             ||     1
 Cast: Beastly Appendage ||     2
Armor: Skin              ||    28
Dodge: Dodged            ||    54

Table legend:
 A = Non-vault XP
 B = Vault XP
 C = Vault XP percentage of total XP
 D = Non-vault monster count
 E = Vault monster count
 F = Vault count percentage of total count
                 A         B        C        D         E       F
            +---------+---------+-------+---------+---------+-------
      Total |      30 |       3 |   9.1 |       8 |       2 |  20.0
            +---------+---------+-------+---------+---------+-------
        D:1 |      30 |       3 |   9.1 |       8 |       2 |  20.0
            +---------+---------+-------+---------+---------+-------
